AoeStats
← villodresjuan

Migration

509650227Analyzed
1v1 RM · 5d ago on Sep 27, 2026· 40m 14s· 2 players
Game mode
Random Map
Map size
132×132
Population
200
Speed
Normal
Resources
Standard
Victory
Conquest
Starting age
Dark Age
Ending age
Imperial Age
RankedLock teamsTeams togetherTeam positionsShared explorationLock speedFull tech treeHidden civsTurbo modeCheats
Victory
Defeat
🇮🇹 Sicilians · Italy
616
+20
🇪🇸 Malians · Spain
582
-14
villodresjuan
15:29 Feudal Age
22:01 Castle Age
20:42 Wheelbarrow
19:53 Town Watch
19:55 Loom
20:00 Double-Bit Axe
29:29 Town Patrol
29:45 Hand Cart
30:12 Murder Holes
30:29 Fortified Wall
32:13 Squires
31:59 Arson
33:48 Pikeman
35:38 Horse Collar
vadimzaharkiv0
14:12 Feudal Age
14:52 Horse Collar
14:59 Double-Bit Axe
15:57 Wheelbarrow
23:54 Castle Age
24:33 Forging
24:24 Scale Mail Armor
26:38 Arson
26:39 Gambesons
30:30 Bow Saw
37:01 Imperial Age
37:07 Imperial Age
37:15 Capped Ram
38:50 Conscription
Connection lost

Rejoining the realm…

Still unreachable

The connection could not be restored.

Session expired

The server has moved on; the page needs a fresh start.